AoeStats
← carlosddtf

Arabia

503892136Analyzed
1v1 RM · 1mo ago on Sep 2, 2026· 47m 7s· 2 players
Game mode
Random Map
Map size
Tiny (2 player)
Population
200
Speed
Normal
Resources
Standard
Victory
Conquest
Starting age
Dark Age
Ending age
Imperial Age
RankedLock teamsTeams togetherTeam positionsShared explorationLock speedFull tech treeHidden civsTurbo modeCheats
Victory
Defeat
🇪🇸 Spanish · Spain
855
+15
🇬🇷 Celts · Greece
831
-15
Sunscream
7:32 Loom
10:51 Feudal Age
11:20 Double-Bit Axe
21:21 Castle Age
28:44 Bow Saw
29:46 Crossbowman
carlosddtf
0:42 Loom
11:14 Feudal Age
12:41 Wheelbarrow
12:10 Man-at-Arms
14:15 Forging
14:20 Arson
20:11 Fletching
20:42 Gold Mining
20:41 Double-Bit Axe
26:02 Town Watch
26:59 Stone Mining
29:29 Castle Age
29:44 Long Swordsman
33:38 Bloodlines
33:44 Bloodlines
35:19 Hand Cart
37:48 Gold Mining
39:19 Husbandry
41:11 Iron Casting
44:33 Stone Shaft Mining
45:02 Scale Barding Armor
45:34 Bow Saw
45:27 Town Patrol
45:59 Horse Collar
Connection lost

Rejoining the realm…

Still unreachable

The connection could not be restored.

Session expired

The server has moved on; the page needs a fresh start.